 Dungeon Crawl Stone Soup version 0.17-a0-2215-g49c1de0 (webtiles) character file.

891 4thArraOfDagon the Cleaver (level 8, -4/62 HPs)
             Began as a Hill Orc Gladiator on Oct 27, 2015.
             Was a Priest of Qazlal.
             Slain by a fire bat (6 damage)
             ... on level 7 of the Dungeon.
             The game lasted 00:09:58 (2063 turns).

4thArraOfDagon the Cleaver (Hill Orc Gladiator)     Turns: 2063, Time: 00:09:59

Health: -4/62      AC:  9    Str: 18    XL:     8   Next: 6%
Magic:  8/11       EV:  8    Int: 10    God:    Qazlal [***...]
Gold:   207        SH:  3    Dex: 11    Spells: 0 memorised, 7 levels left

rFire  . . .     SeeInvis .     D - +0 war axe (flame)
rCold  . . .     Clarity  .     t - +0 chain mail
rNeg   . . .     SustAt   .     (no shield)
rPois  .         Gourm    .     c - +0 helmet
rElec  .         Spirit   .     (no cloak)
rCorr  .         Warding  .     (no gloves)
rMut   .         Stasis   .     (no boots)
MR     .....                    (no amulet)
Stlth  ..........               (no ring)
                                x - ring of loudness (curse)

@: not resistant to hostile enchantments, extremely unstealthy
A: deterioration 1, frail 1, sense surroundings 1, MP-powered wands
a: Upheaval, Elemental Force, Renounce Religion


You were on level 7 of the Dungeon.
You worshipped Qazlal.
Qazlal was most pleased with you.
You were not hungry.

You visited 1 branch of the dungeon, and saw 8 of its levels.
You also visited: Sewer.

You collected 207 gold pieces.

Inventory:

Hand Weapons
 a - a +0 war axe
 f - a +0 blowgun
 u - a +3 club
 D - a +0 war axe of flaming (weapon)
Missiles
 m - 23 poisoned needles
Armour
 c - a +0 helmet (worn)
 t - a +0 chain mail (worn)
Jewellery
 x - a cursed ring of loudness (left hand)
Wands
 j - a wand of polymorph (10)
Scrolls
 d - a scroll of random uselessness {unknown}
 h - 3 scrolls of immolation {unknown}
 l - a scroll of enchant armour {unknown}
 p - 6 scrolls of teleportation {unknown}
 q - a scroll of magic mapping
 r - 3 scrolls of remove curse {unknown}
 s - a scroll of fog {unknown}
 y - a scroll of recharging {unknown}
Potions
 b - 2 potions of lignification {unknown}
 g - 4 potions of heal wounds {unknown}
 i - 4 potions of curing
 n - 3 potions of agility {unknown}
 o - a potion of might
 v - a potion of resistance
 z - 2 potions of haste {unknown}
 B - a potion of invisibility {unknown}
 C - a potion of flight
Comestibles
 e - 5 bread rations
 w - 2 meat rations
 A - 2 chunks of flesh


   Skills:
 + Level 5.4 Fighting
 * Level 8.9 Axes
 - Level 1.7 Throwing
 + Level 3.9 Dodging
 + Level 4.0 Invocations


You had 7 spell levels left.
You didn't know any spells.

Dungeon Overview and Level Annotations

Branches:
Dungeon (8/15)             Temple (0/1) D:5
   Lair: D:8-11

Altars:
Ashenzari
Dithmenos
Makhleb
Qazlal


Innate Abilities, Weirdness & Mutations

Your body sometimes deteriorates upon taking damage.
You are frail (-10% HP).
You passively map a small area around you.
You expend magic power (3 MP) to strengthen your wands.


Message History

You slash the worker ant! You burn the worker ant.
You kill the worker ant!
Qazlal accepts your kill.
Evoke which item? (* to show all) (? for menu, Esc to quit)
Zapping:
j - a wand of polymorph {zapped: 3} (will waste charges)
Press: ? - help, Shift-Dir - straight line, f - ogre
Aim: an ogre, wielding a giant spiked club (chance to defeat MR: 50%)
The ogre evaporates and reforms as a fire bat!
Evoking this partially-identified wand wasted a few charges.
The fire bat bites you.
* * * LOW HITPOINT WARNING * * *
You are engulfed in flames.
* * * LOW HITPOINT WARNING * * *
Unknown command.
Your chain mail prevents you from hitting the fire bat.
The fire bat bites you but does no damage.
The fire bat bites you.
* * * LOW HITPOINT WARNING * * *
You are engulfed in flames.
You die...

*#####.##...###
#........#...#
#........###a##
, , #........#
#..# *
#........#
##.##
#####..### #.<#
, ##)# ##..# *
#b# ##.Y# *,
#@# #... #..#
###. ##..# #**
#... * *#.# , ,
.... , , * .# *
, #### , *.# **
, * . , * ., **
*


You could see a fire bat.

Vanquished Creatures
  3 ogres
  2 big kobolds (Sewer)
  A gnoll shaman (D:6)
  A crimson imp (D:6)
  2 giant frog skeletons
  Jessica (D:3)
  A hound (D:7)
  3 orc wizards (D:6)
  A worker ant (D:7)
  3 gnolls (D:6)
  6 adders
  6 river rats (Sewer)
  4 oozes
  2 adder zombies (D:5)
  A worm (D:3)
  3 giant geckos
  5 orcs
  6 bats
  3 hobgoblins
  10 jackals
  5 quokkas
  7 ball pythons
  3 giant cockroaches (D:5)
  4 giant newts
  2 goblins
  A jackal skeleton (D:4)
  20 kobolds
  21 rats
127 creatures vanquished.

Notes
Turn   | Place    | Note
--------------------------------------------------------------
     0 | D:1      | 4thArraOfDagon the Hill Orc Gladiator began the quest for the Orb.
     0 | D:1      | Reached XP level 1. HP: 18/18 MP: 1/1
    25 | D:2      | You fall through a shaft for 2 floors!
    39 | D:4      | Noticed an ogre
    51 | D:4      | Killed an ogre
    51 | D:4      | Reached skill level 5 in Axes
    51 | D:4      | Reached XP level 2. HP: 24/26 MP: 2/2
    51 | D:4      | Reached XP level 3. HP: 28/31 MP: 3/3
    51 | D:4      | Reached XP level 4. HP: 34/38 MP: 4/4
    76 | D:5      | Entered Level 5 of the Dungeon
   150 | D:6      | Found a shattered altar of Ashenzari.
   156 | D:6      | Found a shadowy altar of Dithmenos.
   234 | D:5      | Found a stormy altar of Qazlal.
   243 | D:5      | Reached XP level 5. HP: 43/45 MP: 5/5
   262 | D:5      | Became a worshipper of Qazlal Stormbringer
   269 | D:5      | Found a glowing drain.
   278 | D:5      | Reached skill level 6 in Axes
   299 | Sewer    | Entered a sewer
   492 | Sewer    | Reached skill level 1 in Invocations
   551 | Sewer    | Reached XP level 6. HP: 35/52 MP: 7/7
   690 | Sewer    | Reached * piety under Qazlal
   822 | Sewer    | Reached skill level 7 in Axes
   936 | D:4      | Noticed an ogre
  1111 | D:4      | Killed an ogre
  1111 | D:4      | Reached XP level 7. HP: 35/60 MP: 7/9
  1219 | D:3      | Reached ** piety under Qazlal
  1254 | D:3      | Noticed Jessica
  1261 | D:3      | Killed Jessica
  1283 | D:3      | Identified Jessica's Reference Book on Evil Magic
  1618 | D:2      | Reached skill level 8 in Axes
  1782 | D:5      | Found a staircase to the Ecumenical Temple.
  1905 | D:6      | Reached skill level 5 in Fighting
  1935 | D:6      | Noticed an ogre
  1942 | D:6      | Killed an ogre
  1944 | D:6      | Found a burning altar of Makhleb.
  1978 | D:6      | Reached XP level 8. HP: 13/68 MP: 10/10
  2011 | D:6      | Gained mutation: You are dopey. (Int -2) [potion of mutation]
  2011 | D:6      | Gained mutation: You passively map a small area around you. [potion of mutation]
  2011 | D:6      | Gained mutation: You expend magic power (3 MP) to strengthen your wands. [potion of mutation]
  2012 | D:6      | Lost mutation: You are dopey. (Int -2) [potion of mutation]
  2012 | D:6      | Gained mutation: You are frail (-10% HP). [potion of mutation]
  2012 | D:6      | Gained mutation: Your body sometimes deteriorates upon taking damage. [potion of mutation]
  2015 | D:7      | Noticed a phantom
  2024 | D:7      | Reached *** piety under Qazlal
  2027 | D:7      | Noticed an ogre
  2046 | D:7      | Noticed an ice beast
  2053 | D:7      | Noticed an ogre
  2062 | D:7      | an ogre changed into a fire bat
  2062 | D:7      | HP: 3/62 [fire bat (5)]
  2063 | D:7      | Slain by a fire bat

Vault maps used:
D:1:      ncdulo_smallfort, minmay_fountain_box
D:2:      roderic_roman_lattice
D:3:      roderic_lattice_a, kennysheep_jessica_study
D:4:      first_bread
D:5:      kennysheep_spiral_hall, temple_statues, basic_altar,
          portal_sewer_entry_a
D:6:      minitemple, corexii_corridor_pit, lemuel_tele_altar
D:7:      corexii_checkpoint_b, grunt_ogre_cave
Sewer:    sewer_minmay_treatment

Action                   |  1- 3 |  4- 6 |  7- 9 || total
-------------------------+-------+-------+-------++-------
Melee: War axe           |    10 |   183 |   138 ||   331
Throw: Throwing net      |     3 |     4 |       ||     7
Evoke: Wand              |       |       |     2 ||     2
  Use: Potion            |       |     2 |     3 ||     5
       Scroll            |       |     1 |     4 ||     5
 Stab: Held in net/web   |     2 |     2 |       ||     4
       Sleeping          |       |     1 |       ||     1
  Eat: Chunk             |       |     1 |     4 ||     5
